 Dungeon Crawl Stone Soup version 0.25.0-26-g0c896c7088 (webtiles) character file.

Game seed: 545614662584784664

28085 Delamore the Bludgeoner (level 13, 0/83 HPs)
             Began as a Gargoyle Fighter on July 2, 2020.
             Was the Champion of Okawaru.
             Slain by a meliai
             ... wielding a +0 hand axe
              (5 damage)
             ... on level 4 of the Lair of Beasts.
             The game lasted 00:18:09 (14701 turns).

Delamore the Bludgeoner (Gargoyle Fighter)         Turns: 14701, Time: 00:18:10

Health: 0/83       AC: 30    Str: 32    XL:     13   Next: 36%
Magic:  0/13       EV:  7    Int: 22    God:    Okawaru [******]
Gold:   698        SH: 14    Dex:  9    Spells: 10/12 levels left

rFire    . . .     SeeInvis +   V - +6 flail of Quyplom {venom, rElec Int+8}
rCold    . . .     Gourm    .   c - +0 kite shield
rNeg     + . .     Faith    .   y - +0 plate armour
rPois    ∞         Spirit   +   L - +0 hat {SInv}
rElec    +         Reflect  .   w - +2 cloak
rCorr    .         Harm     .   O - +2 pair of gloves
MR       .....                  W - +2 pair of boots
Stlth    ..........             h - amulet of guardian spirit
HPRegen  0.23/turn              s - +6 ring of strength
MPRegen  0.13/turn              U - +6 ring of intelligence

@: mighty
A: negative energy resistance 1, electricity resistance, unbreathing,
petrification resistance, rot immunity, AC +9
a: Heroism, Finesse, Renounce Religion


You were on level 4 of the Lair of Beasts.
You worshipped Okawaru.
Okawaru was exalted by your worship.
You were not hungry.

You visited 3 branches of the dungeon, and saw 14 of its levels.

You collected 698 gold pieces.

Inventory:

Hand Weapons
 V - the +6 flail of Quyplom (weapon) {venom, rElec Int+8}
   (Okawaru gifted it to you on level 1 of the Lair of Beasts)

   It poisons the flesh of those it strikes.
   It affects your intelligence (+8).
   It insulates you from electricity.
Missiles
 D - 4 silver boomerangs (quivered)
 I - 3 throwing nets
 Q - 16 javelins
 T - 6 atropa-tipped darts
Armour
 c - a +0 kite shield (worn)
 w - a +2 cloak (worn)
 y - a +0 plate armour (worn)
 L - a +0 hat of see invisible (worn)
 O - a +2 pair of gloves (worn)
 W - a +2 pair of boots (worn)
Jewellery
 d - a cursed ring of attention {unknown}
 h - an amulet of guardian spirit (around neck)
 s - a +6 ring of strength (left hand)
 U - a +6 ring of intelligence (right hand)
Wands
 b - a wand of disintegration (9)
 k - a wand of digging (7)
 z - a wand of enslavement (10)
 B - a wand of iceblast (23)
 G - a wand of acid (3)
 J - a wand of flame (11)
Scrolls
 a - a scroll of random uselessness {unknown}
 g - 3 scrolls of enchant armour {unknown}
 j - 2 scrolls of enchant weapon {unknown}
 l - 4 scrolls of remove curse
 m - a scroll of identify
 n - 3 scrolls of magic mapping
 q - 6 scrolls of teleportation
 t - a scroll of amnesia {unknown}
 v - 2 scrolls of noise {unknown}
 A - a scroll of silence {unknown}
 C - 3 scrolls of immolation
 E - 2 scrolls of blinking
 F - a scroll of torment {unknown}
 M - a scroll of fear {unknown}
 X - 2 scrolls of fog
Potions
 e - 10 potions of curing
 i - 2 potions of mutation
 o - a potion of berserk rage
 p - a potion of stabbing
 r - 2 potions of degeneration
 u - a potion of magic
 x - 4 potions of flight
 H - a potion of haste {unknown}
 K - a potion of brilliance {unknown}
 P - a potion of might
Comestibles
 f - 44 rations


   Skills:
 - Level 10.3 Fighting
 + Level 15.2 Maces & Flails
 - Level 3.2 Armour
 + Level 14.2 Shields
 - Level 0.2 Spellcasting


You had 10 spell levels left.
You knew the following spells:

 Your Spells              Type           Power        Failure   Level  Hunger
a - Blink                 Tloc           N/A          95%         2    ###....

Your spell library contained the following spells:

 Spells                   Type           Power        Failure   Level  Hunger
 Corona                   Hex            #......      86%         1    ##.....
 Foxfire                  Conj/Fire      #...         86%         1    ##.....
 Magic Dart               Conj           #...         86%         1    ##.....
 Summon Small Mammal      Summ           #...         86%         1    ##.....
 Call Imp                 Summ           #.......     95%         2    ###....
 Slow                     Hex            #.......     95%         2    ###....
 Call Canine Familiar     Summ           #.......     99%         3    ####...
 Conjure Flame            Conj/Fire      #.......     99%         3    ####...
 Inner Flame              Hex/Fire       #.......     99%         3    ####...
 Mephitic Cloud           Conj/Pois/Air  #.......     99%         3    ####...
 Portal Projectile        Hex/Tloc       #.....       99%         3    ####...
 Summon Guardian Golem    Hex/Summ       #.......     99%         3    ####...
 Cause Fear               Hex            #.........   100%        4    #####..
 Leda's Liquefaction      Hex/Erth       #.........   100%        4    #####..
 Sticky Flame             Conj/Fire      #.......     100%        4    #####..
 Summon Ice Beast         Ice/Summ       #.......     100%        4    #####..
 Summon Lightning Spire   Summ/Air       #.......     100%        4    #####..
 Fireball                 Conj/Fire      #.........   100%        5    ######.


Dungeon Overview and Level Annotations

Branches:
Dungeon (9/15)             Temple (1/1) D:5            Lair (4/6) D:9
  Swamp (0/4) Lair:4        Snake (0/4) Lair:2          Orc (0/2) D:9

Altars:
Ashenzari
Cheibriados
Dithmenos
Elyvilon
Fedhas
Gozag
Hepliaklqana
Kikubaaqudgha
Makhleb
Nemelex Xobeh
Okawaru
Qazlal
Ru
Sif Muna
Trog
Uskayaw
Wu Jian
Xom
Yredelemnul
Zin
The Shining One

Annotations:
Lair:2 exclusion: oklob plant


Innate Abilities, Weirdness & Mutations

You are resistant to torment.
Your stone body is resilient. (AC +9)
You are immune to poison.
You resist negative energy. (rN+)
You are resistant to electric shocks. (rElec)
You can survive without breathing.
You are immune to petrification.
You are immune to rotting.


Message History

You miss the killer bee. You block the killer bee's attack.
The meliai invokes the aid of its god against you.
Something smites you!
* * * LOW HITPOINT WARNING * * *
Evoke which item? (* to show all) (? for menu, Esc to quit)
Aiming: Corrosive Bolt
Press: ? - help, Shift-Dir - straight line, f - meliai
Aim: a meliai, wielding a +0 hand axe and wearing a +0 robe The bolt of acid hits the killer bee!
The killer bee is splashed with acid.
The acid corrodes the killer bee!
You kill the killer bee!
Okawaru accepts your kill.
The bolt of acid misses the meliai.
The meliai completely misses you. You block the meliai's attack.
Evoke which item? (* to show all) (? for menu, Esc to quit)
Aiming: Corrosive Bolt
Press: ? - help, Shift-Dir - straight line, f/p - meliai
Aim: a meliai, wielding a +0 hand axe and wearing a +0 robe The bolt of acid misses the meliai.
The meliai hits you with a +0 hand axe.
You die...

...#.*..#.,##..*.,,..........##..
,,...##..##..##.#..........#####.
,*,#.l#....................(# ##.
*,*,#.yyy..................## #..
,*,*,,#[...................# ##.
,,,,,##.†##..##.#..P..#....# ##.
,,,*,#ty#†)#*.)#......###..# #..
*,*,##.#.##..##†#†#...###..####..
*,,*#..#y##*##*#@#.....#....##.#.
,,*##...#y#######y#....#...#.###.
,,##.....#.##yH##t#...##....###..
*##.....#.#y.##..#.....##...# ##.
*#.........##..##..P...##..P# #..
##............y.†..........## ##.
#.....................#P...# #..
......##..##.....####.###..#####.
.....#..##..#.....##...##..P##.#.


You could see a crocodile and a meliai.

Vanquished Creatures
  Gastronok (D:8)
  Harold (Lair:1)
  3 hydras
  A catoblepas (Lair:3)
  A two-headed ogre (D:8)
  5 death yaks (Lair:4)
  Urug (Lair:3)
  Pikel (D:4)
  A manticore (Lair:4)
  Joseph (D:9)
  2 black mambas
  5 spiny frogs
  2 rime drakes
  Maggie (D:6)
  A komodo dragon (Lair:4)
  A queen bee (Lair:4)
  2 meliai (Lair:4)
  A troll (D:6)
  7 hippogriffs
  Prince Ribbit (D:5)
  2 blink frogs
  14 yaks
  2 basilisks
  2 wyverns
  A hungry ghost (D:9)
  Grum (Lair:1)
  A steam dragon (D:9)
  Menkaure (D:5)
  A soldier ant (D:7)
  13 water moccasins
  Edmund (D:5)
  7 porcupines
  A sky beast (D:7)
  7 orc warriors
  A necrophage (D:4)
  2 ice beasts
  2 phantoms
  4 wolves
  5 ogres
  3 centaurs
  8 crocodiles
  11 bullfrogs
  3 scorpions
  25 killer bees
  5 electric eels (D:7)
  2 howler monkeys
  5 crimson imps
  8 orc priests
  2 jellies
  13 orc wizards
  Crazy Yiuf (D:4)
  A bullfrog skeleton (D:4)
  3 hounds (D:7)
  3 iguanas
  8 worker ants
  A hound skeleton (D:4)
  A worker ant zombie (D:4)
  A howler monkey zombie (D:5)
  A howler monkey skeleton (D:4)
  A river rat (Lair:4)
  12 adders
  3 shadow imps
  An ooze (D:4)
  An adder skeleton (D:4)
  6 worms
  2 dart slugs
  3 leopard geckos
  34 orcs
  3 giant cockroaches
  3 goblins
  5 hobgoblins
  7 jackals
  4 quokkas
  A ball python (D:5)
  4 bats (D:1)
  6 frilled lizards
  A jackal skeleton (D:5)
  A jackal zombie (D:4)
  2 kobolds
  A leopard gecko skeleton (D:7)
  A leopard gecko zombie (D:4)
  2 quokka skeletons
  16 rats
  2 plants (Lair:2)
334 creatures vanquished.

Vanquished Creatures (others)
  A centaur zombie (D:4)
  A hound (D:4)
  A worker ant (D:4)
  A worker ant zombie (D:4)
  An orc (D:4)
  A fungus (Lair:4)
  A plant (Lair:4)
7 creatures vanquished.

Grand Total: 341 creatures vanquished

Notes
Turn   | Place    | Note
-------+----------+-------------------------------------------
     0 | D:1      | Delamore the Gargoyle Fighter began the quest for the Orb.
     0 | D:1      | Reached XP level 1. HP: 14/14 MP: 1/1
   239 | D:1      | Reached XP level 2. HP: 19/19 MP: 2/2
   827 | D:1      | Reached XP level 3. HP: 24/24 MP: 3/3
  1040 | D:2      | Reached skill level 3 in Maces & Flails
  1163 | D:2      | Found an opulent altar of Gozag.
  1217 | D:2      | Reached XP level 4. HP: 26/30 MP: 4/4
  1298 | D:2      | Found a blossoming altar of Fedhas.
  1935 | D:3      | You fall into a shaft and drop 1 floor!
  1935 | D:4      | Noticed Pikel
  1935 | D:4      | Noticed a slave
  1935 | D:4      | Noticed a slave
  1935 | D:4      | Noticed a slave
  1936 | D:4      | Noticed a slave
  1959 | D:4      | Killed Pikel
  1959 | D:4      | Reached skill level 5 in Maces & Flails
  1959 | D:4      | Reached XP level 5. HP: 16/37 MP: 5/5
  1959 | D:4      | Reached XP level 6. HP: 19/42 MP: 6/6
  1959 | D:4      | Reached XP level 7. HP: 21/47 MP: 7/7
  2685 | D:4      | Found a runed translucent door.
  2686 | D:4      | Noticed Crazy Yiuf
  2768 | D:4      | Found a shadowy altar of Dithmenos.
  2792 | D:4      | Reached skill level 6 in Maces & Flails
  3209 | D:4      | Reached XP level 8. HP: 49/53 MP: 6/8
  3350 | D:4      | Reached skill level 7 in Maces & Flails
  3574 | D:4      | Killed Crazy Yiuf
  3619 | D:5      | Entered Level 5 of the Dungeon
  3659 | D:5      | Noticed Edmund
  3659 | D:5      | Noticed Prince Ribbit
  3668 | D:5      | Killed Edmund
  3898 | D:5      | Found a bloodstained altar of Trog.
  3915 | D:5      | Killed Prince Ribbit
  3955 | D:5      | Found a sparkling altar of Nemelex Xobeh.
  4131 | D:5      | Reached skill level 8 in Maces & Flails
  4420 | D:5      | Found a staircase to the Ecumenical Temple.
  4421 | D:5      | Noticed Menkaure
  4426 | D:5      | Reached XP level 9. HP: 48/60 MP: 5/9
  4435 | D:5      | Killed Menkaure
  4460 | Temple   | Entered the Ecumenical Temple
  5010 | D:5      | Found an ornate altar of the Wu Jian Council.
  5124 | D:5      | Found a glowing golden altar of the Shining One.
  5254 | D:6      | Found a burning altar of Makhleb.
  5470 | D:6      | Reached skill level 10 in Fighting
  5649 | D:6      | Noticed Maggie
  5660 | D:6      | Killed Maggie
  5660 | D:6      | Reached skill level 9 in Maces & Flails
  5795 | D:6      | Found a sacrificial altar of Ru.
  6196 | D:6      | Noticed a troll
  6208 | D:6      | Killed a troll
  6441 | D:7      | Found an iron altar of Okawaru.
  6465 | D:7      | Became a worshipper of Warmaster Okawaru
  6687 | D:7      | Got a pair of faintly humming boots
  6693 | D:7      | Identified the +2 pair of boots of Context {-Tele Harm
                  | SInv} (You found it on level 7 of the Dungeon)
  6722 | D:7      | Reached skill level 5 in Shields
  6871 | D:7      | Reached XP level 10. HP: 59/68 MP: 10/10
  6887 | D:7      | Reached skill level 10 in Maces & Flails
  7210 | D:7      | Reached * piety under Okawaru
  8008 | D:8      | Found an opulent altar of Gozag.
  8022 | D:8      | Noticed a two-headed ogre
  8033 | D:8      | Killed a two-headed ogre
  8033 | D:8      | Reached ** piety under Okawaru
  8153 | D:8      | Reached skill level 11 in Maces & Flails
  8364 | D:8      | Noticed Gastronok
  8382 | D:8      | Killed Gastronok
  8382 | D:8      | Reached *** piety under Okawaru
  8382 | D:8      | Reached **** piety under Okawaru
  8382 | D:8      | Reached XP level 11. HP: 73/73 MP: 11/11
  8617 | D:8      | Reached ***** piety under Okawaru
  8923 | D:9      | Found a glowing silver altar of Zin.
  8992 | D:9      | Found a staircase to the Lair.
  9099 | D:9      | Noticed Joseph
  9112 | D:9      | Killed Joseph
  9112 | D:9      | Reached skill level 12 in Maces & Flails
  9991 | D:9      | Received a gift from Okawaru
 10018 | D:9      | Found a staircase to the Orcish Mines.
 10367 | D:9      | Learned a level 2 spell: Blink
 10428 | Lair:1   | Entered Level 1 of the Lair of Beasts
 10558 | Lair:1   | Reached skill level 10 in Shields
 10667 | Lair:1   | Noticed a seven-headed hydra
 10681 | Lair:1   | Killed a seven-headed hydra
 10698 | Lair:1   | Noticed a seven-headed hydra
 10737 | Lair:1   | Killed a seven-headed hydra
 10737 | Lair:1   | Received a gift from Okawaru
 10761 | Lair:1   | Got an encrusted flail {god gift}
 10762 | Lair:1   | Identified the +6 flail of Quyplom {venom, rElec Int+8}
                  | (Okawaru gifted it to you on level 1 of the Lair of Beasts)
 10985 | Lair:1   | Noticed Harold
 11004 | Lair:1   | Killed Harold
 11004 | Lair:1   | Reached skill level 13 in Maces & Flails
 11066 | Lair:1   | Reached XP level 12. HP: 78/78 MP: 12/12
 11072 | Lair:1   | Noticed Grum
 11091 | Lair:1   | Killed Grum
 11292 | Lair:1   | Received a gift from Okawaru
 12336 | Lair:2   | Found a staircase to the Snake Pit.
 12808 | Lair:3   | Noticed Urug
 12829 | Lair:3   | Killed Urug
 12966 | Lair:3   | Noticed a seven-headed hydra
 12973 | Lair:3   | Killed a seven-headed hydra
 13273 | Lair:3   | Noticed a catoblepas
 13289 | Lair:3   | Killed a catoblepas
 13289 | Lair:3   | Reached ****** piety under Okawaru
 13292 | Lair:3   | Reached skill level 14 in Maces & Flails
 13946 | Lair:4   | Received a gift from Okawaru
 14058 | Lair:4   | Noticed a death yak
 14059 | Lair:4   | Noticed a death yak
 14060 | Lair:4   | Noticed a death yak
 14060 | Lair:4   | Noticed a death yak
 14061 | Lair:4   | Noticed a death yak
 14069 | Lair:4   | Killed a death yak
 14080 | Lair:4   | Killed a death yak
 14080 | Lair:4   | Reached XP level 13. HP: 50/83 MP: 8/13
 14468 | Lair:4   | Reached skill level 15 in Maces & Flails
 14598 | Lair:4   | Received a gift from Okawaru
 14701 | Lair:4   | Slain by a meliai

Illustrated notes

Levels and vault maps discovered:
D:1:      minmay_arrival_semitransparent, layout_basic,
          chequers_serial_rivers_micro_c, minmay_rat_gold_closets
D:2:      layout_loops_cross, marbit_many_paths, fedhas_altar_2,
          guppyfry_early_lair_pool
D:3:      layout_loops_ring, first_ration
D:4:      minmay_chambers_of_threes, layout_loops_ring, lemuel_doored_altar,
          serial_undead, serial_undead_c, serial_undead_e, serial_undead_a,
          serial_undead_a, serial_undead_b, corexii_leaking_fountain,
          uniq_pikel, uniq_crazy_yiuf_cottage
D:5:      layout_loops_ring, tso_oasis_becter, kennysheep_little_box,
          nicolae_overflow_hidden_temple, minmay_temple_entry_stoned_glass,
          nrook_campfire, chequers_serial_rivers_room_b, uniq_edmund,
          uniq_menkaure, uniq_prince_ribbit1
D:6:      layout_basic, lemuel_crystal_altar, nicolae_ru_path_of_blood,
          uniq_maggie
D:7:      wad_guarded_room, layout_basic, okawaru_ov_weapons_minmay,
          grunt_ogre_cave, serial_bayou_lake_a
D:8:      layout_loops_ring, basic_altar, uniq_gastronok
D:9:      layout_stronghold, dpeg_oklobed_lair, david_orc_4, basic_altar,
          uniq_joseph
Temple:   minmay_temple_curvy_loop
Lair:1:   layout_regular_city, serial_bayou_pond_c, grunt_megastairs_2,
          uniq_grum, uniq_harold
Lair:2:   layout_hall_layers, dummy_snake_entry, chequers_serial_rivers_micro_a,
          minmay_lair_oklob_items, wad_woods_road_01, st_stairs_5,
          lemuel_fruit_tree
Lair:3:   layout_gridlike, st_stairs_3, minmay_shattered_shrine,
          lemuel_fruit_fields, uniq_urug
Lair:4:   regret_index_bee_streams, layout_long_grid,
          nicolae_swamp_entry_splash_gauntlet, lemuel_fruit_fields

Skill      XL: |  1  2  3  4  5  6  7  8  9 10 11 12 13 |
---------------+----------------------------------------+-----
Fighting       | 4 6 7 9 10 | 10.3
Maces & Flails | 3 5 6 8 9 11 13 14 15 | 15.2
Shields        | 5 9 11 13 14 | 14.2
Armour         | |  3.2
Spellcasting   | |  0.2

Action                   |  1- 3 |  4- 6 |  7- 9 | 10-12 | 13-15 || total
-------------------------+-------+-------+-------+-------+-------++-------
Melee: Flail             |   135 |    84 |     1 |   302 |   148 ||   670
       Whip              |       |       |   575 |   551 |       ||  1126
Throw: Dart              |       |       |     6 |       |       ||     6
       Boomerang         |       |       |       |       |    12 ||    12
Invok: Heroism           |       |       |       |     1 |     2 ||     3
Evoke: Wand              |       |       |     3 |    11 |     4 ||    18
  Use: Potion            |       |     1 |       |       |     2 ||     3
       Scroll            |       |       |       |    15 |       ||    15
  Eat: Chunk             |     1 |     3 |    16 |    24 |     2 ||    46
       Ration            |       |       |       |     1 |       ||     1
Armor: Scale mail        |    69 |    51 |   106 |       |       ||   226
       Plate armour      |       |       |   121 |   322 |    70 ||   513
Dodge: Dodged            |    37 |    24 |    91 |   113 |    28 ||   293
Block: Kite shield       |    71 |    40 |   227 |   391 |   115 ||   844
